 Dungeon Crawl Stone Soup version 0.21.1-1-g345015f (webtiles) character file.

141 Medidev the Shooter (level 5, 0/31 HPs)
             Began as a Kobold Hunter on Mar 12, 2018.
             Slain by a kobold (3 damage)
             ... while paralysed by Grinder
             ... on level 3 of the Dungeon.
             The game lasted 00:11:00 (1422 turns).

Medidev the Shooter (Kobold Hunter)                 Turns: 1422, Time: 00:11:01

Health: 0/31       AC:  0    Str: 10    XL:     5   Next: 48%
Magic:  5/5        EV:  3    Int: 12    God:
Gold:   25         SH:  0    Dex: 16    Spells: 4/4 levels left

rFire    . . .     SeeInvis .     - Unarmed
rCold    . . .     Gourm    .   (shield currently unavailable)
rNeg     . . .     Faith    .   (armour currently unavailable)
rPois    .         Spirit   .   (helmet currently unavailable)
rElec    .         Reflect  .   (cloak currently unavailable)
rCorr    .         Harm     .   (gloves currently unavailable)
MR       .....                  (boots currently unavailable)
Stlth    ++........             (no amulet)
HPRegen  0.10/turn              (ring currently unavailable)
MPRegen  0.09/turn              (ring currently unavailable)

@: paralysed, pig-form, very quick
A: small, carnivore
a: no special abilities


You were on level 3 of the Dungeon.
You were not hungry.
You were a filthy swine.
You visited 1 branch of the dungeon, and saw 3 of its levels.

You collected 25 gold pieces.

Inventory:

Hand Weapons
 a - a +1 shortbow
 b - a +0 short sword
 h - a +0 dagger of venom (melded)
 j - a +0 spear
Missiles
 d - 27 arrows
Armour
 c - a +0 leather armour (melded)
Magical Staves
 k - an uncursed staff of poison
Jewellery
 i - an uncursed ring of protection from cold {unknown}
Scrolls
 g - a scroll of remove curse
Potions
 e - a potion of might
 l - a potion of haste {unknown}


   Skills:
 * Level 2.5 Fighting
 + Level 0.8 Short Blades
 * Level 5.6 Bows
 + Level 0.6 Armour
 * Level 3.1 Dodging
 + Level 1.4 Stealth
 * Level 1.1 Unarmed Combat


You had 4 spell levels left.
You didn't know any spells.

Dungeon Overview and Level Annotations

Branches:
Dungeon (3/15)

Altars:
Vehumet

Annotations:
D:3 Grinder


Innate Abilities, Weirdness & Mutations

You are small and have problems with some larger weapons.
You are carnivorous and can eat meat at any time.


Message History

Your +0 dagger of venom begins to drip with poison!
h - a +0 dagger of venom (weapon)
The kobold hits you.
* * * LOW HITPOINT WARNING * * *
Grinder zaps a wand.
You turn into a filthy swine.
Your +0 dagger of venom melds into your body.
Your +0 leather armour melds into your body.
Your +0 dagger of venom stops dripping with poison.
You eat the ration.
That ration really hit the spot!
The kobold hits you.
* * * LOW HITPOINT WARNING * * *
Grinder zaps a wand.
You resist with some effort.
You hit the kobold but do no damage.
The kobold is severely wounded.
The kobold hits you.
* * * LOW HITPOINT WARNING * * *
You miss the kobold.
The kobold is severely wounded.
Grinder gestures at you.
You suddenly lose the ability to move!
The kobold hits you.
You die...

####### ########.§...†#
#....).........
#.........._.§.
#.....(...§§§...
#.......$..§....
#......K..........
#......h.......(... #
#[..........5......
..###(#....(...........[.
.....(..†.........<......
#.......##....[.........
....###.##..............
.(. #.#.....(†...#.. ..
#...........##
........<..#.#######


You could see Grinder and a kobold.

Vanquished Creatures
  A crimson imp (D:2)
  Robin (D:2)
  4 adders
  2 oozes (D:2)
  A worm (D:2)
  2 dart slugs (D:1)
  A giant cockroach (D:2)
  5 goblins
  7 hobgoblins
  10 kobolds
  6 bats
  3 frilled lizards
  4 rats
47 creatures vanquished.

Vanquished Creatures (others)
  A dart slug (D:3)
1 creature vanquished.

Grand Total: 48 creatures vanquished

Notes
Turn   | Place    | Note
-------+----------+-------------------------------------------
     0 | D:1      | Medidev the Kobold Hunter began the quest for the Orb.
     0 | D:1      | Reached XP level 1. HP: 12/12 MP: 1/1
    84 | D:1      | Reached XP level 2. HP: 14/17 MP: 2/2
   381 | D:1      | Reached XP level 3. HP: 16/21 MP: 3/3
   874 | D:2      | Noticed Robin
   881 | D:2      | Killed Robin
   886 | D:2      | Reached skill level 5 in Bows
   993 | D:2      | Reached XP level 4. HP: 21/26 MP: 4/4
  1151 | D:2      | Reached XP level 5. HP: 20/31 MP: 5/5
  1172 | D:2      | Reached skill level 1 in Unarmed Combat
  1343 | D:3      | Found a radiant altar of Vehumet.
  1349 | D:3      | Noticed Grinder
  1355 | D:3      | Paralysed by Grinder for 6 turns
  1417 | D:3      | Paralysed by Grinder for 2 turns
  1422 | D:3      | Paralysed by Grinder for 2 turns
  1422 | D:3      | Slain by a kobold

Skill      XL: |  1  2  3  4  5 |
---------------+----------------+-----
Bows           | 5 |  5.6
Dodging        | 3 |  3.1
Unarmed Combat | 1 |  1.1
Fighting       | |  2.5
Short Blades   | |  0.8
Armour         | |  0.6
Stealth        | |  1.4

Action                   |  1- 3 |  4- 6 || total
-------------------------+-------+-------++-------
Melee: Shortbow          |     2 |       ||     2
       Dagger            |    34 |    46 ||    80
       Unarmed           |       |     8 ||     8
 Fire: Shortbow          |    50 |    16 ||    66
  Use: Scroll            |     3 |     3 ||     6
  Eat: Ration            |     1 |     1 ||     2
Armor: Leather armour    |    15 |    13 ||    28
       Skin              |       |     1 ||     1
Dodge: Dodged            |    64 |    66 ||   130
